 Dungeon Crawl Stone Soup version 0.20-a0-1089-g3fde505 (webtiles) character file.

1423 theAP the Basher (level 8, -6/53 HPs)
             Began as a Gargoyle Fighter on May 3, 2017.
             Was a Believer of Okawaru.
             Mangled by Prince Ribbit (16 damage)
             ... on level 7 of the Dungeon.
             The game lasted 00:06:49 (4267 turns).

theAP the Basher (Gargoyle Fighter)                 Turns: 4267, Time: 00:06:49

Health: -6/53      AC:  9    Str: 22    XL:     8   Next: 72%
Magic:  8/8        EV:  8    Int: 12    God:    Okawaru [**....]
Gold:   305        SH: 11    Dex:  7    Spells: 7/7 levels left

rFire    . . .     SeeInvis .   k - +0 whip (venom)
rCold    . . .     Gourm    .   v - +2 shield
rNeg     + + .     Faith    .   B - +0 ring mail of the Wheelwright {rN+ Int+5} (curse)
rPois    ∞         Spirit   .   (no helmet)
rElec    +         Reflect  .   (no cloak)
rCorr    +         Harm     .   (no gloves)
MR       .....                  u - +0 pair of boots
Stlth    ..........             y - amulet of magic regeneration
Regen    0.2/turn               j - ring of wizardry
MPRegen  0.2/turn               p - ring of resist corrosion

@: no status effects
A: clumsy 1, deformed body, dopey 1, negative energy resistance 1, electricity
resistance, wild magic 1, unbreathing, petrification resistance, rot immunity,
MP-powered wands, AC +5
a: Heroism, Renounce Religion


You were on level 7 of the Dungeon.
You worshipped Okawaru.
Okawaru was pleased with you.
You were not hungry.

You visited 1 branch of the dungeon, and saw 7 of its levels.

You collected 305 gold pieces.

Inventory:

Hand Weapons
 a - a +0 flail
 k - a +0 whip of venom (weapon)
Armour
 b - a +0 scale mail
 c - a +0 shield
 u - a +0 pair of boots (worn)
 v - a +2 shield (worn)
 B - the cursed +0 ring mail of the Wheelwright (worn) {rN+ Int+5}
   (You found it on level 6 of the Dungeon)

   It affects your intelligence (+5).
   It protects you from negative energy.
   It has a curse placed upon it.
Jewellery
 j - a ring of wizardry (left hand)
 p - a ring of resist corrosion (right hand)
 y - an amulet of magic regeneration (around neck)
Wands
 x - a wand of disintegration (7/24)
Scrolls
 e - 10 scrolls of identify {unknown}
 l - 5 scrolls of remove curse {unknown}
 q - 9 scrolls of teleportation {unknown}
 r - a scroll of fear {unknown}
 s - 2 scrolls of enchant armour {unknown}
 t - 3 scrolls of blinking {unknown}
 C - a scroll of amnesia {unknown}
Potions
 d - a potion of might
 i - 2 potions of curing {unknown}
 m - a potion of heal wounds {unknown}
 n - a potion of flight {unknown}
 o - 3 potions of brilliance {unknown}
 A - a potion of lignification {unknown}
Comestibles
 f - 6 bread rations
 g - 4 meat rations
 h - 3 royal jellies
 w - 5 fruits


   Skills:
 + Level 7.6 Fighting
 * Level 8.6 Maces & Flails
 - Level 3.2 Armour
 - Level 3.2 Shields


You had 7 spell levels left.
You didn't know any spells.

Dungeon Overview and Level Annotations

Branches:
Dungeon (7/15)             Temple (0/1) D:5

Altars:
Kikubaaqudgha
Nemelex Xobeh
Okawaru
Sif Muna
Trog
Wu Jian
Xom

Shops:
D:5 (

Annotations:
D:7 Prince Ribbit


Innate Abilities, Weirdness & Mutations

You are resistant to torment.
Your stone body is resilient. (AC +5)
You are immune to poison.
You resist negative energy. (rN+)
You are resistant to electric shocks. (rElec)
You can survive without breathing.
You are immune to petrification.
You are immune to rotting.
You are clumsy. (Dex -2)
Armour fits poorly on your strangely shaped body.
You are dopey. (Int -2)
Your spells are a little harder to cast, but a little more powerful.
You expend magic power (3 MP) to strengthen your wands.


Message History

This meat tastes really weird.
You eat the mutagenic chunk of flesh.
This meat tastes really weird.
Your body twists and deforms.
q - 9 scrolls labeled HAFYADDUEDGH (gained 1) Prince Ribbit comes into view.
Prince Ribbit croaks.
Prince Ribbit moves out of view.
Prince Ribbit is nearby!
You are too injured to fight recklessly!
You are too injured to fight recklessly!
You are too injured to fight recklessly!
You closely miss Prince Ribbit. You block Prince Ribbit's attack.
You hit Prince Ribbit but do no damage.
Prince Ribbit is poisoned.
Prince Ribbit hits you.
You barely miss Prince Ribbit.
Prince Ribbit is lightly wounded.
Prince Ribbit hits you!
* * * LOW HITPOINT WARNING * * *
Prince Ribbit hits you!
You die...

..## ###... #..# #.....
#..#####.....
#............
##.........#..
###....###...##.
#######
##.......##...###
#......
###............##
#.....##F@#...........#
#...#..#.........†..#
###..##...........††#
#..###...............#
#..##
#................#
#..##
#................. #..
#...(............. #..
................ #.
..............


You could see Prince Ribbit.

Vanquished Creatures
  2 ice beasts
  A sky beast (D:7)
  An ogre (D:5)
  Blork the orc (D:6)
  2 bullfrogs
  5 scorpions
  2 howler monkeys
  2 orc priests (D:4)
  A centaur zombie (D:6)
  2 jellies (D:3)
  An orc wizard (D:6)
  A hound (D:4)
  A centaur skeleton (D:4)
  Terence (D:3)
  4 worker ants
  A howler monkey zombie (D:6)
  6 adders
  An ooze (D:3)
  4 worms
  2 dart slugs
  9 leopard geckos
  12 orcs
  5 bats
  3 giant cockroaches (D:1)
  5 goblins
  7 hobgoblins
  An iguana (D:3)
  6 jackals
  7 kobolds
  2 ball pythons
  2 frilled lizards
  A quokka zombie (D:5)
  5 rats
106 creatures vanquished.

Notes
Turn   | Place    | Note
-------+----------+-------------------------------------------
     0 | D:1      | theAP the Gargoyle Fighter began the quest for the Orb.
     0 | D:1      | Reached XP level 1. HP: 14/14 MP: 1/1
    74 | D:1      | Reached XP level 2. HP: 19/19 MP: 2/2
   551 | D:2      | Reached skill level 3 in Maces & Flails
   551 | D:2      | Reached XP level 3. HP: 24/24 MP: 3/3
  1215 | D:2      | Reached XP level 4. HP: 29/29 MP: 4/4
  1250 | D:2      | Found a deep blue altar of Sif Muna.
  1565 | D:2      | Found an ornate altar of the Wu Jian Council.
  1772 | D:3      | Found a sparkling altar of Nemelex Xobeh.
  1872 | D:3      | Reached skill level 4 in Maces & Flails
  1990 | D:3      | Found a shimmering altar of Xom.
  2003 | D:3      | Reached XP level 5. HP: 14/34 MP: 5/5
  2194 | D:3      | Noticed Terence
  2202 | D:3      | Killed Terence
  2514 | D:4      | Reached skill level 5 in Maces & Flails
  2532 | D:4      | Reached skill level 5 in Fighting
  2532 | D:4      | Reached XP level 6. HP: 33/40 MP: 6/6
  2573 | D:4      | Found an iron altar of Okawaru.
  2608 | D:4      | Became a worshipper of Warmaster Okawaru
  2925 | D:5      | Entered Level 5 of the Dungeon
  3079 | D:5      | Reached skill level 6 in Maces & Flails
  3079 | D:5      | Reached XP level 7. HP: 44/44 MP: 7/7
  3097 | D:5      | Found Ytsoluimoh's Antique Weapon Shoppe.
  3107 | D:5      | Found a staircase to the Ecumenical Temple.
  3430 | D:5      | Reached * piety under Okawaru
  3478 | D:5      | Reached skill level 7 in Maces & Flails
  3734 | D:6      | Noticed Blork the orc
  3744 | D:6      | Reached XP level 8. HP: 42/52 MP: 8/8
  3752 | D:6      | Killed Blork the orc
  3756 | D:6      | Found an ancient bone altar of Kikubaaqudgha.
  3844 | D:6      | Got a heavily runed ring mail
  3884 | D:6      | Identified the cursed +0 ring mail of the Wheelwright {rN+ Int+5} (You found it on level 6 of the Dungeon)
  4134 | D:7      | Found a bloodstained altar of Trog.
  4148 | D:7      | Reached ** piety under Okawaru
  4148 | D:7      | Reached skill level 8 in Maces & Flails
  4240 | D:7      | Gained mutation: Your spells are a little harder to cast, but a little more powerful. [mutagenic meat]
  4241 | D:7      | Gained mutation: You are clumsy. (Dex -2) [mutagenic meat]
  4242 | D:7      | Gained mutation: You expend magic power (3 MP) to strengthen your wands. [mutagenic meat]
  4243 | D:7      | Gained mutation: You are dopey. (Int -2) [mutagenic meat]
  4245 | D:7      | Gained mutation: Armour fits poorly on your strangely shaped body. [mutagenic meat]
  4258 | D:7      | Noticed Prince Ribbit
  4267 | D:7      | Mangled by Prince Ribbit

Vault maps used:
D:1:      dpeg_arrival_stone_temple_mockup
D:2:      marbit_many_paths, lemuel_blue_sif_altar, kennysheep_cluttered_room,
          corexii_leaking_fountain
D:3:      nemelex_xobeh_ov_fountains_minmay, dk_xom_monty_hall, uniq_terence
D:4:      old_standard_altar, first_bread
D:5:      minmay_temple_entry_junction, serial_shops, shop
D:6:      nicolae_overflow_hidden_temple, uniq_blork_the_orc
D:7:      regret_index_temple_of_mockery, kennysheep_little_box, bloody_trog,
          lemuel_doored_altar, uniq_prince_ribbit1

Skill      XL: |  1  2  3  4  5  6  7  8 |
---------------+-------------------------+-----
Maces & Flails | 3 4 5 6 7 8 |  8.6
Fighting       | 4 5 6 7 |  7.6
Armour         | |  3.2
Shields        | |  3.2

Action                   |  1- 3 |  4- 6 |  7- 9 || total
-------------------------+-------+-------+-------++-------
Melee: Whip              |    93 |   206 |   189 ||   488
  Eat: Chunk             |       |     7 |    10 ||    17
Armor: Scale mail        |    44 |    68 |    52 ||   164
       Ring mail         |       |       |    21 ||    21
Dodge: Dodged            |    23 |    35 |    40 ||    98
Block: Shield            |    41 |    90 |    88 ||   219
